 Dungeon Crawl Stone Soup version 0.32-a0-913-g739538afd8 (webtiles) character file.

Game seed: 8131149537423843416

136264 SkateWitch the Slayer (level 16, -2/167 HPs)
             Began as a Mountain Dwarf Monk on Apr 9, 2024.
             Was the Champion of Fedhas.
             Shot with an arrow by a satyr (28 damage)
             ... on level 3 of the Shoals.
             The game lasted 00:50:56 (29683 turns).

SkateWitch the Slayer (Mountain Dwarf Monk)        Turns: 29683, Time: 00:50:56

Health: -2/167     AC: 19    Str: 20    XL:     16   Next: 66%
Magic:  28/28      EV: 16    Int: 15    God:    Fedhas [******]
Gold:   2360       SH:  0    Dex: 12    Spells: 15/15 levels left

rFire   . . .        j - +8 frozen axe "Frostbite" {freeze, freezing cloud, *Noise Fly rC+}
rCold   + . .        (shield currently unavailable)
rNeg    . . .        J - +1 acid dragon scales
rPois   .            y - +2 hat
rElec   .            G - +0 cloak of the Kappa {Int+2 Slay+3}
rCorr   +            h - +0 pair of gloves
SInv    .            (no boots)
Will    +....        L - amulet of the acrobat
Stlth   +            k - +4 ring of protection
HPRegen 0.47/turn    q - +5 ring of evasion
MPRegen 0.21/turn

%: acrobat
@: mighty, afraid, flying, studying Shapeshifting
A: runic magic, artefact enchanting
a: Renounce Religion, Wall of Briars, Grow Ballistomycete, Overgrow, Grow Oklob


You were on level 3 of the Shoals.
You worshipped Fedhas.
Fedhas was exalted by your worship.
You visited 5 branches of the dungeon, and saw 26 of its levels.

You collected 2500 gold pieces.
You spent 140 gold pieces at shops.

Inventory:

Hand Weapons
 j - the +8 frozen axe "Frostbite" (weapon) {freeze, freezing cloud, *Noise Fly rC+}
   (You acquired it on level 9 of the Dungeon)

   rC+:       It protects you from cold.
   Fly:       It grants you flight.
   *Noise:    It may make a loud noise when swung.
 N - a +0 broad axe of draining
Missiles
 C - 12 curare-tipped darts (quivered)
Armour
 h - a +0 pair of gloves (worn)
 y - a +2 hat (worn)
 G - the +0 cloak of the Kappa (worn) {Int+2 Slay+3}
   (You found it on level 6 of the Dungeon)

   Int+2:     It affects your intelligence (+2).
   Slay+3:    It affects your accuracy & damage with ranged weapons and melee
   (+3).
 J - +1 acid dragon scales (worn)
 W - the +0 leather armour "Beliufa" {rN+ Dex+3 SInv Stlth+}
   (You bought it in a shop on level 2 of the Orcish Mines)

   Dex+3:     It affects your dexterity (+3).
   rN+:       It protects you from negative energy.
   SInv:      It lets you see invisible.
   Stlth+:    It makes you more stealthy.
Jewellery
 i - the ring "Wuceugg" {rF+ Will+ Dex+6}
   (You found it on level 3 of the Shoals)

   [ring of dexterity]

   Dex+6:     It affects your dexterity (+6).
   rF+:       It protects you from fire.
   Will+:     It increases your willpower.
 k - a +4 ring of protection (left hand)
 q - a +5 ring of evasion (right hand)
 v - a ring of protection from fire
 L - an amulet of the acrobat (around neck)
 Q - a ring of resist corrosion
 R - a +4 ring of slaying
Wands
 c - a wand of digging (2)
 d - a wand of light (7)
 f - a wand of iceblast (38)
Scrolls
 a - a scroll of brand weapon
 b - 3 scrolls of blinking
 e - 9 scrolls of teleportation
 g - 3 scrolls of enchant weapon
 l - a scroll of butterflies {unknown}
 o - 2 scrolls of revelation
 p - 4 scrolls of fear
 t - 2 scrolls of silence
 u - 2 scrolls of fog
 w - a scroll of poison {unknown}
 D - 6 scrolls of amnesia
 K - 2 scrolls of vulnerability
 S - a scroll of enchant armour
 X - a scroll of identify
 Z - a scroll of torment
Potions
 m - 2 potions of heal wounds
 n - 6 potions of curing
 r - 3 potions of enlightenment
 s - 3 potions of attraction
 z - 2 potions of cancellation {unknown}
 A - 4 potions of magic
 B - a potion of haste
 E - 6 potions of mutation {unknown}
 F - a potion of resistance
 H - 3 potions of might
 T - a potion of berserk rage
 U - 3 potions of invisibility {unknown}
Miscellaneous
 O - a phial of floods
 V - a sack of spiders (inert)
 Y - a phantom mirror


   Skills:
 + Level 21.5 Fighting
 + Level 20.5 Axes
 + Level 13.3 Armour
 - Level 2.1 Dodging
 + Level 17.6 Invocations


You had 15 spell levels left.
You didn't know any spells.
Your spell library contained the following spells:

 Spells                   Type           Power      Damage    Failure   Level
 Apportation              Tloc           0%         N/A       28%         1
 Necrotise                Necr           0%         1d4       28%         1
 Sting                    Conj/Alch      0%         1d3       28%         1
 Summon Small Mammal      Summ           0%         N/A       28%         1
 Call Imp                 Summ           0%         N/A       38%         2
 Ensorcelled Hibernation  Hex/Ice        0%         N/A       38%         2
 Static Discharge         Conj/Air       0%         3-3/arc   38%         2
 Sublimation of Blood     Necr           0%         N/A       38%         2
 Call Canine Familiar     Summ           0%         N/A       63%         3
 Fugue of the Fallen      Necr           0%         N/A       63%         3
 Passwall                 Erth           0%         N/A       63%         3
 Sigil of Binding         Hex            0%         N/A       63%         3
 Summon Ice Beast         Ice/Summ       0%         N/A       63%         3
 Swiftness                Air            0%         N/A       63%         3
 Tukima's Dance           Hex            0%         N/A       63%         3
 Vampiric Draining        Necr           0%         2d6       63%         3
 Volatile Blastmotes      Fire/Tloc      0%         2d10      63%         3
 Airstrike                Air            0%         2d(0-16)  95%         4
 Anguish                  Hex/Necr       0%         N/A       95%         4
 Animate Armour           Summ/Erth      0%         N/A       95%         4
 Dimensional Bullseye     Hex/Tloc       0%         N/A       95%         4
 Iskenderun's Mystic Bla Conj/Tloc 0%             2d3        (+2d1     95%         4
 Martyr's Knell           Necr/Summ      0%         N/A       95%         4
 Summon Lightning Spire   Summ/Air       0%         N/A       95%         4
 Vhi's Electric Charge    Tloc/Air       0%         N/A       95%         4
 Arcjolt                  Conj/Air       0%         1d10      100%        5
 Curse of Agony           Necr           0%         N/A       100%        5
 Lee's Rapid Deconstruct  Erth           0%         3d4*      100%        5
 Summon Mana Viper        Hex/Summ       0%         N/A       100%        5
 Bombard                  Conj/Erth      0%         9d1       100%        6
 Death Channel            Necr           0%         N/A       100%        6
 Dispersal                Tloc           0%         N/A       100%        6
 Gell's Gavotte           Tloc           0%         2d(11-16) 100%        6
 Plasma Beam              Fire/Air       0%         2x1d10    100%        6
 Sculpt Simulacrum        Ice/Alch       0%         N/A       100%        6
 Manifold Assault         Tloc           0%         N/A       100%        7
 Monstrous Menagerie      Summ           0%         N/A       100%        7
 Summon Hydra             Summ           0%         N/A       100%        7
 Disjunction              Tloc           0%         N/A       100%        8


Dungeon Overview and Level Annotations

Branches:
Dungeon (15/15)            Temple (1/1) D:4            Lair (5/5) D:11
 Shoals (3/4) Lair:2       Spider (0/4) Lair:3        Slime (0/5) Lair:5
    Orc (2/2) D:9             Elf (0/3) Orc:2        Vaults (0/5) D:13
 Depths (0/4) D:15

Altars:
Ashenzari
Cheibriados
Dithmenos
Elyvilon
Fedhas
Gozag
Hepliaklqana
Kikubaaqudgha
Makhleb
Nemelex Xobeh
Okawaru
Qazlal
Ru
Sif Muna
Trog
Uskayaw
Vehumet
Wu Jian
Xom
Yredelemnul
Zin
The Shining One
Beogh
Jiyva

Shops:
D:2 !   D:9 *   D:11 *   D:15 (   Orc:2 [(:*


Innate Abilities, Weirdness & Mutations

Your spellcasting is much less encumbered by armour.
You can use scrolls of enchantment on lesser artefacts.


Message History

You cannot move closer to the satyr!
You cannot move closer to the satyr!
The satyr shoots an arrow.
The arrow hits you!
You attempt to attack the satyr, but flinch away in fear!
The satyr shoots an arrow.
The arrow misses you.
You closely miss the satyr.
You hear the howling winds of a snowstorm.
You hear an angry hiss.
The satyr shoots an arrow.
The arrow barely misses you.
You slash the satyr! You freeze the satyr.
The satyr is lightly wounded.
The satyr plays a lulling melody on its pipes!
You fall asleep.
The satyr shoots an arrow.
The arrow hits you!
You wake up.
You closely miss the satyr.
The satyr is lightly wounded.
The satyr shoots an arrow.
The arrow hits you!!
You barely miss the satyr.
The satyr is lightly wounded.
The satyr shoots an arrow.
The arrow hits you!
You barely miss the satyr.
The satyr is lightly wounded.
The satyr shoots an arrow.
The arrow hits you!!
You attempt to attack the satyr, but flinch away in fear!
You attempt to attack the satyr, but flinch away in fear!
The satyr shoots an arrow.
The arrow hits you!!
You slash the satyr! You freeze the satyr.
The satyr is moderately wounded.
The satyr shoots an arrow.
The arrow hits you!!
* * * LOW HITPOINT WARNING * * *
You attempt to attack the satyr, but flinch away in fear!
The satyr shoots an arrow.
The arrow hits you!
* * * LOW HITPOINT WARNING * * *
You feel very mighty all of a sudden.
The satyr shoots an arrow.
The arrow closely misses you.
You slice the satyr!! You freeze the satyr.
The satyr is severely wounded.
The satyr shoots an arrow.
The arrow hits you!!
You die...
Fedhas appreciates your contribution to the ecosystem.

~~~~~...~~..............
~~~~...~~~~.............
~~~.###.~~~...........~~
~~~. #.~~~...........~~
≈~~ ......###.$>~~~.~~~
≈ ..~....###..~...~~~~
~~~~....#..~.###.~~≈
~~~~~.........##.~≈≈
~~~~~..>...~@c...~≈≈
~...........~~≈≈
~~~..~~..~~~~~P≈
~~~~~~~~~~~~~~~≈
≈~~~~~~~≈≈≈~~≈≈
≈≈≈≈≈≈≈≈≈≈≈≈≈≈≈
≈≈≈≈≈≈≈≈≈≈≈≈≈≈≈
≈≈≈≈≈≈≈≈≈≈≈≈≈≈≈


You could see a satyr (scary).

Vanquished Creatures
  Saint Roka (Orc:2)
  Jorgrun (D:13)
  Polyphemus (Shoals:2)
  An orc warlord (Orc:2)
  The ghost of asd2613 the Brawler, a journeyman TrMo of Hepliaklqana (Lair:5)
  2 dire elephants (Lair:5)
  Nessos (Lair:5)
  An ettin (D:15)
  Snorg (Orc:2)
  A merfolk impaler (Shoals:2)
  3 hydras
  4 vault guards (D:13)
  2 catoblepae
  7 centaur warriors
  2 merfolk avatars
  4 boulder beetles
  2 orc high priests (Orc:2)
  A satyr (Shoals:2)
  4 tengu warriors
  5 two-headed ogres
  5 death yaks
  A spectral dire elephant (Lair:5)
  Urug (Lair:5)
  4 skeletal warriors
  Sonja (Orc:2)
  A spectral anaconda (Lair:5)
  3 skysharks
  A deep troll (D:15)
  An orb spider (Lair:3)
  8 sea snakes
  A spectral death yak (Lair:5)
  2 deep elf pyromancers
  3 orc knights (Orc:2)
  An obsidian statue (Lair:5)
  Pikel (D:7)
  4 harpies (Shoals:2)
  A lindwurm (Lair:4)
  An obsidian bat (Orc:2)
  4 orc sorcerers (Orc:2)
  24 ugly things
  3 necromancers (Lair:5)
  7 fauns
  8 cyclopes
  25 elephants
  8 manticores
  3 meliai (D:15)
  3 water nymphs
  6 merfolk sirens
  An ice statue (D:10)
  3 black mambas
  Maggie (D:6)
  17 cane toads
  8 komodo dragons
  2 unseen horrors
  An efreet (D:13)
  5 rime drakes
  A kobold demonologist (D:6)
  4 tengu conjurers
  Psyche (D:10)
  A polar bear (shapeshifter) (D:15)
  4 trolls
  3 polar bears
  9 blink frogs
  14 merfolk
  A hornet (D:9)
  6 dream sheep
  A wind drake (Shoals:2)
  2 snapping turtles
  4 slime creatures
  A vampire (D:13)
  Sigmund (D:2)
  A shadow (D:10)
  5 wraiths
  A human (shapeshifter) (D:15)
  A warg (Orc:1)
  3 wyverns
  2 steam dragons
  78 yaks
  8 vampire mosquitoes
  5 water elementals
  3 basilisks
  A spectral cane toad (Lair:5)
  An acid dragon (D:12)
  19 water moccasins
  An ice beast (shapeshifter) (D:15)
  3 sky beasts
  2 laughing skulls (D:15)
  32 orc warriors
  3 ice beasts
  8 ogres
  3 elephant zombies (Lair:5)
  13 centaurs
  2 elephant skeletons (Lair:5)
  3 lemures (D:7)
  11 kobold brigands
  2 phantoms
  16 bullfrogs
  2 scorpions (D:6)
  A cane toad simulacrum (Lair:5)
  10 wights
  8 killer bees
  An elephant simulacrum (Lair:5)
  2 howler monkeys
  The ghost of Pokonic1 the Digger, a weakling MDEE (D:6)
  21 orc priests
  A bombardier beetle (D:6)
  2 hounds (D:5)
  5 jellies
  A gnoll bouda (D:10)
  Jessica (D:2)
  30 orc wizards
  Ijyb (D:5)
  Terence (D:3)
  13 hell rats
  7 iguanas
  17 adders
  5 gnolls
  3 white imps
  4 ufetubi
  A ribbon worm (D:4)
  98 orcs
  6 endoplasms
  2 giant cockroaches
  13 goblins
  2 hobgoblins
  15 kobolds
  7 quokkas
  7 ball pythons
  3 bats
  2 frilled lizards
  6 rats
  2 ballistomycete spores (D:7)
795 creatures vanquished.

Vanquished Creatures (collateral kills)
  2 dire elephants (Lair:5)
  A tengu warrior (D:15)
  An ugly thing (D:14)
  A rime drake (Lair:1)
  3 dream sheep (Lair:3)
  A water moccasin (D:5)
  An ogre (Orc:2)
  A hound (D:6)
  2 orc wizards (Orc:2)
  3 gnolls (D:5)
  A white imp (D:6)
  6 orcs
  49 ballistomycete spores
72 creatures vanquished.

Vanquished Creatures (others)
  2 orc wizards
  2 orcs
  2 ballistomycete spores
6 creatures vanquished.

Grand Total: 873 creatures vanquished

Notes
Turn   | Place    | Note
-------+----------+-------------------------------------------
     0 | D:1      | SkateWitch the Mountain Dwarf Monk began the quest for the
                  | Orb.
     0 | D:1      | Reached XP level 1. HP: 19/19 MP: 1/1
   142 | D:1      | Reached XP level 2. HP: 26/26 MP: 2/2
   671 | D:2      | Noticed Jessica
   676 | D:2      | Killed Jessica
   677 | D:2      | Reached skill level 4 in Fighting
   677 | D:2      | Reached skill level 5 in Axes
   677 | D:2      | Reached XP level 3. HP: 29/33 MP: 3/3
   793 | D:2      | Reached XP level 4. HP: 40/40 MP: 4/4
   927 | D:2      | You fall into a shaft and drop 1 floor!
   998 | D:3      | Noticed Terence
  1006 | D:3      | Killed Terence
  1179 | D:2      | Found a faded altar of an unknown god.
  1233 | D:2      | Found Wigaroal's Distillery.
  1285 | D:2      | Reached XP level 5. HP: 45/47 MP: 5/5
  1376 | D:2      | Noticed Sigmund
  1388 | D:2      | Killed Sigmund
  1389 | D:2      | Reached skill level 5 in Fighting
  1389 | D:2      | Reached XP level 6. HP: 50/56 MP: 6/6
  1576 | D:3      | Found a sacrificial altar of Ru.
  2198 | D:4      | Found a staircase to the Ecumenical Temple.
  2220 | Temple   | Entered the Ecumenical Temple
  2250 | Temple   | Became a worshipper of Fedhas Madash
  2250 | Temple   | Reached * piety under Fedhas
  2250 | Temple   | Reached ** piety under Fedhas
  2662 | D:4      | Reached skill level 1 in Invocations
  2930 | D:5      | Entered Level 5 of the Dungeon
  3150 | D:5      | Noticed Ijyb
  3178 | D:5      | Killed Ijyb
  3220 | D:5      | Reached XP level 7. HP: 61/61 MP: 8/8
  3650 | D:5      | Reached skill level 6 in Fighting
  3823 | D:5      | Found a shimmering altar of Xom.
  3829 | D:5      | Found a shimmering blue altar of Sif Muna.
  3945 | D:5      | Found a transporter.
  3946 | D:5      | Found a white marble altar of Elyvilon.
  3973 | D:5      | Found a transporter.
  4125 | D:5      | Found a basalt altar of Yredelemnul.
  4279 | D:6      | Identified the +0 cloak of the Kappa {Int+2 Slay+3}
  4410 | D:6      | Reached XP level 8. HP: 71/71 MP: 9/11
  4477 | D:6      | Reached *** piety under Fedhas
  4710 | D:6      | Found a runed translucent gate.
  4711 | D:6      | Found a runed translucent gate.
  4712 | D:6      | Found a runed translucent gate.
  4713 | D:6      | Noticed Pokonic1's ghost (weakling MDEE)
  4715 | D:6      | Noticed a kobold demonologist
  4767 | D:6      | Reached skill level 10 in Axes
  4767 | D:6      | Reached skill level 5 in Invocations
  4774 | D:6      | HP: 1/71 [something] (6)]
  4785 | D:6      | Reached skill level 7 in Fighting
  5399 | D:6      | Noticed Maggie
  5421 | D:6      | Killed Maggie
  5422 | D:6      | Reached XP level 9. HP: 20/79 MP: 10/13
  5902 | D:6      | Found a glowing silver altar of Zin.
  5902 | D:6      | Noticed an angel
  6208 | D:7      | Reached skill level 8 in Fighting
  6395 | D:7      | Noticed Pikel
  6412 | D:7      | Killed Pikel
  7069 | D:8      | Found a burning altar of Makhleb.
  7071 | D:8      | Found a hide-covered altar of Uskayaw.
  7193 | D:8      | Found a stormy altar of Qazlal.
  7295 | D:8      | Reached XP level 10. HP: 86/90 MP: 16/16
  7511 | D:8      | Found a sparkling altar of Nemelex Xobeh.
  7538 | D:8      | Reached **** piety under Fedhas
  7988 | D:9      | Identified a scroll of acquirement
  7989 | D:9      | Acquired the +8 frozen axe "Frostbite" {freeze, freezing
                  | cloud, *Noise Fly rC+}
  7989 | D:9      | Found the +8 frozen axe "Frostbite" {freeze, freezing
                  | cloud, *Noise Fly rC+}
  8005 | D:9      | Reached skill level 9 in Fighting
  8035 | D:9      | Found an opulent altar of Gozag.
  8039 | D:9      | Found Gozag's Platinum Reserve.
  8134 | D:9      | Found a staircase to the Orcish Mines.
  8186 | D:9      | Reached skill level 1 in Armour
  8317 | D:9      | Found an ornate altar of the Wu Jian Council.
  8424 | D:9      | Found an iron altar of Okawaru.
  8438 | D:9      | Reached ***** piety under Fedhas
  8641 | D:9      | Noticed a two-headed ogre
  8643 | D:9      | Killed a two-headed ogre
  8705 | D:10     | Entered Level 10 of the Dungeon
  8706 | D:10     | Noticed an ice statue
  8711 | D:10     | Noticed Psyche
  8853 | D:10     | Killed Psyche
  9199 | D:10     | Killed an ice statue
  9365 | D:10     | Noticed a two-headed ogre
  9371 | D:10     | Killed a two-headed ogre
  9372 | D:10     | Reached skill level 10 in Fighting
  9372 | D:10     | Reached skill level 10 in Invocations
  9372 | D:10     | Reached XP level 11. HP: 96/99 MP: 18/18
  9409 | D:10     | Identified the +0 robe "Pyalam" {SInv}
  9734 | D:11     | Reached skill level 15 in Axes
  9738 | D:11     | Found a staircase to the Lair.
  9785 | D:11     | Noticed a boulder beetle
  9792 | D:11     | Killed a boulder beetle
  9796 | D:11     | Noticed a boulder beetle
  9799 | D:11     | Found an iron altar of Okawaru.
  9804 | D:11     | Killed a boulder beetle
  9805 | D:11     | Reached skill level 5 in Armour
  9827 | D:11     | Noticed a brown ugly thing
 10255 | D:11     | Killed a brown ugly thing
 10380 | D:11     | Found Fetas's General Store.
 11366 | D:12     | Noticed a deep elf pyromancer
 11376 | D:12     | Reached skill level 11 in Fighting
 11379 | D:12     | Killed a deep elf pyromancer
 11387 | D:12     | Reached XP level 12. HP: 45/110 MP: 20/20
 11772 | Lair:1   | Entered Level 1 of the Lair of Beasts
 11784 | Lair:1   | Reached ****** piety under Fedhas
 12049 | Lair:1   | Identified the +9 long sword of Slow Death {heavy, rElec
                  | Stlth+}
 12755 | Lair:2   | Reached skill level 12 in Fighting
 12772 | Lair:2   | Reached skill level 13 in Fighting
 12957 | Lair:2   | Reached skill level 14 in Fighting
 13025 | Lair:2   | Found a staircase to the Shoals.
 13087 | Lair:2   | Reached skill level 15 in Fighting
 13094 | Lair:2   | Reached XP level 13. HP: 94/127 MP: 22/22
 13775 | Lair:3   | Reached skill level 16 in Fighting
 13843 | Lair:3   | Reached skill level 17 in Fighting
 14037 | Lair:3   | Reached skill level 18 in Fighting
 14435 | Lair:3   | Reached skill level 19 in Fighting
 14706 | Lair:3   | Found a hole to the Spider Nest.
 15181 | Lair:3   | Identified the +3 war axe "Wecreomi" {drain, rPois}
 16174 | Lair:4   | Reached XP level 14. HP: 124/146 MP: 23/23
 16391 | Lair:5   | Entered Level 5 of the Lair of Beasts
 16395 | Lair:5   | Found a staircase to the Slime Pits.
 16401 | Lair:5   | Found a viscous altar of Jiyva.
 16649 | Lair:5   | Found a runed translucent gate.
 16649 | Lair:5   | Found a runed translucent gate.
 16649 | Lair:5   | Found a runed translucent gate.
 16649 | Lair:5   | Noticed asd2613's ghost (journeyman TrMo)
 16765 | Lair:5   | Noticed Nessos
 16770 | Lair:5   | Killed Nessos
 16855 | Lair:5   | Noticed Urug
 16875 | Lair:5   | Killed Urug
 18200 | Lair:5   | Identified the staff of Xoosaito {rF+ rC- rN+ Conj Fire
                  | Air}
 18291 | Lair:5   | Reached skill level 10 in Armour
 18339 | Lair:5   | Reached skill level 20 in Fighting
 18635 | Lair:5   | Killed asd2613's ghost
 19147 | D:6      | Killed Pokonic1's ghost
 19242 | Orc:1    | Entered Level 1 of the Orcish Mines
 19743 | Orc:2    | Entered Level 2 of the Orcish Mines
 19743 | Orc:2    | Noticed Sonja
 19745 | Orc:2    | Noticed an orc warlord
 19762 | Orc:2    | Killed Sonja
 19769 | Orc:2    | Killed an orc warlord
 20089 | Orc:2    | Found a staircase to the Elven Halls.
 20102 | Orc:2    | Noticed Saint Roka
 20363 | Orc:2    | Reached XP level 15. HP: 136/154 MP: 26/26
 20373 | Orc:2    | Killed Saint Roka
 20374 | Orc:2    | Reached skill level 15 in Invocations
 20787 | Orc:2    | Found a roughly hewn altar of Beogh.
 20908 | Orc:2    | Found Vifaumah's Antique Weapon Shop.
 21021 | Orc:2    | Found a roughly hewn altar of Beogh.
 21213 | Orc:2    | Found Hiweoxt's Antique Armour Shop.
 21255 | Orc:2    | Noticed Snorg
 21264 | Orc:2    | Killed Snorg
 21388 | Orc:2    | Found Wuixziz's Book Shop.
 21419 | Orc:2    | Found Fouh's General Store.
 21540 | Orc:2    | Bought a heavily runed leather armour for 140 gold pieces
 21540 | Orc:2    | Identified the +0 leather armour "Beliufa" {rN+ Dex+3 SInv
                  | Stlth+} (You bought it in a shop on level 2 of the Orcish
                  | Mines)
 21824 | D:13     | Noticed Jorgrun
 22294 | D:13     | Killed Jorgrun
 22622 | D:13     | Found a gate to the Vaults.
 23786 | D:15     | Entered Level 15 of the Dungeon
 24106 | D:15     | Found Wocief's Antique Weapon Boutique.
 24575 | D:15     | Reached skill level 21 in Fighting
 24589 | D:15     | Reached XP level 16. HP: 40/167 MP: 28/28
 25096 | D:15     | Found a staircase to the Depths.
 26124 | Shoals:1 | Entered Level 1 of the Shoals
 26169 | Shoals:1 | HP: 6/167 [merfolk/+0 trident (5)]
 26183 | Shoals:1 | HP: 6/167 [merfolk/boomerang (13)]
 27607 | Shoals:2 | Noticed Polyphemus
 27619 | Shoals:2 | Killed Polyphemus
 29592 | Shoals:3 | Identified the ring "Wuceugg" {rF+ Will+ Dex+6}
 29683 | Shoals:3 | Shot with an arrow by a satyr

Illustrated notes

Levels and vault maps discovered:
D:1:      sevenhm_arrival_forest_fort_small_4, layout_loops_ring, serial_forest,
          infiniplex_forest_clump_small, infiniplex_forest_3_way,
          infiniplex_forest_lined_2, infiniplex_forest_lined_3,
          infiniplex_forest_clump_C, minmay_ruptured
D:2:      layout_loops_ring, chequers_ecumenical_altar_island, serial_shops,
          shop, minmay_misc_feat_four_crosses, uniq_sigmund, uniq_jessica
D:3:      layout_basic, mainiacjoe_overflow_surrounded_room, uniq_terence
D:4:      layout_basic, minmay_temple_entry_mini_moons, minmay_misc_feat_pillars
D:5:      layout_loops_ring, general_overflow_altar,
          mainiacjoe_overflow_large_starburst, elyvilon_altar_4,
          minmay_misc_feat_plants, uniq_ijyb
D:6:      layout_basic, zin_angel, gammafunk_ghost_nasty_kobolds,
          minmay_fractal_squares_5, uniq_maggie
D:7:      layout_rooms, dreamdust_princess_corridor, uniq_pikel
D:8:      layout_loops_ring, nicolae_qazlal_scattered_showers,
          nemelex_xobeh_ov_fountains_minmay, nicolae_overflow_hidden_temple,
          st_stairs_8
D:9:      layout_roguey, nicolae_gozag_zags_fifth_avenue,
          mainiacjoe_overflow_24_doors, lemuel_tele_altar, hiddenorc2_lemuel
D:10:     layout_rooms, minmay_misc_feat_rugged, minivault_16,
          solitary_fountain, uniq_psyche
D:11:     layout_roguey, dpeg_lair_monsters, serial_shops,
          nicolae_shop_tiny_statue_garden, okawaru_trees_1
D:12:     layout_rooms
D:13:     layout_rooms, lightli_vaults_fourway_checkpoint,
          chequers_serial_rivers_marsh, drop_trap, uniq_jorgrun
D:14:     layout_basic, nicolae_twisty_statue_hallways
D:15:     hangedman_depths_entry_civil_slaughter, layout_irregular_city,
          serial_rivers, chequers_serial_rivers_large_b,
          chequers_serial_rivers_room_b, chequers_serial_rivers_room_b,
          chequers_serial_rivers_small_b, chequers_serial_rivers_room_a,
          chequers_serial_rivers_room_a, serial_shops, shop
Temple:   nicolae_temple_cloud_nine
Lair:1:   layout_cave_pods
Lair:2:   layout_small_grid, elwin_shoals_entry_rooms,
          chequers_serial_rivers_small_a
Lair:3:   layout_chaotic_city, nicolae_spider_entry_orb_guardian,
          roderic_carrion_pond, grunt_forest_stairs_basic,
          minmay_lair_oklob_items, cheibrodos_lair_reptile_den
Lair:4:   layout_loops_ring, evilmike_ambush [evilmike_ambush_outer_basic,
          evilmike_ambush_inner_cross], grunt_megastairs_2
Lair:5:   due_jungle_book, layout_regular_city, minmay_slime_entry_pillars,
          ebering_ghost_rock_garden, st_stairs_6, infiniplex_staircase_pool_2,
          uniq_urug, uniq_nessos
Shoals:1: layout_shoals, nicolae_shoals_water_elemental_grotto
Shoals:2: cheibrodos_shoals_oceanic_diplomacy, layout_shoals, uniq_polyphemus
Shoals:3: layout_shoals, nicolae_shoals_shepherds
Orc:1:    layout_caves
Orc:2:    grunt_orc_cross, layout_caves, nicolae_orc_bridge_out, mines1_david,
          uniq_sonja, uniq_snorg

Skill      XL: |  1  2  3  4  5  6  7  8  9 10 11 12 13 14 15 16 |
---------------+-------------------------------------------------+-----
Axes           | 4 5 6 7 9 11 12 14 16 17 18 19 20 | 20.5
Fighting       | 4 5 6 7 8 10 11 15 19 20 21 | 21.5
Invocations    | 1 4 6 8 10 11 12 13 14 16 17 | 17.6
Armour         | 4 6 7 8 10 12 13 | 13.3
Dodging        | |  2.1

Action                     |  1- 3 |  4- 6 |  7- 9 | 10-12 | 13-15 | 16-18 || total
---------------------------+-------+-------+-------+-------+-------+-------++-------
  Melee: Hand axe          |    63 |   195 |   281 |       |       |       ||   539
         War axe           |       |       |     5 |    25 |       |       ||    30
         Executioner's axe |       |       |       |   319 |   651 |   211 ||  1181
  Throw: Dart              |       |     6 |     2 |       |       |       ||     8
 Invoke: Wall of Briars    |       |       |     6 |     1 |    22 |     8 ||    37
         Grow Ballistomyce |       |       |     2 |       |     8 |     2 ||    12
         Grow Oklob        |       |       |       |       |     1 |       ||     1
  Evoke: Wand              |       |       |     3 |       |       |       ||     3
         Sack of spiders   |       |       |       |       |     1 |     1 ||     2
    Use: Potion            |       |       |     3 |       |     1 |     5 ||     9
         Scroll            |       |       |    10 |     6 |     7 |     5 ||    28
   Stab: Confused          |       |       |       |       |     2 |       ||     2
         Distracted        |       |       |       |       |     1 |       ||     1
         Petrifying        |       |       |       |       |       |     1 ||     1
         Petrified         |       |       |       |       |       |     1 ||     1
 Armour: Scale mail        |    39 |   135 |   130 |       |       |       ||   304
         Acid dragon scale |       |       |    55 |   260 |   497 |   205 ||  1017
  Dodge: Dodged            |    21 |    87 |   152 |   316 |   576 |   240 ||  1392

Table legend: (Time is in decaauts)
 A = Elapsed time spent in this place.
 B = Non-inter-level travel time spent in this place.
 C = Inter-level travel time spent in this place.
 D = Time resting spent in this place.
 E = Time spent auto-exploring this place.
 F = Levels seen in this place.
 G = Mean time per level.
                   A        B        C        D        E       F      G
               +--------+--------+--------+--------+--------+-----+--------+
         Total |  29731 |  28308 |   1423 |   8861 |  15322 |  26 | 1143.5 |
       Dungeon |  16575 |  15514 |   1061 |   4974 |   8222 |  15 | 1105.0 |
        Temple |     37 |     37 |      0 |      0 |     23 |   1 |   37.0 |
          Lair |   7567 |   7332 |    235 |   1890 |   4379 |   5 | 1513.4 |
        Shoals |   3224 |   3176 |     48 |   1065 |   1678 |   3 | 1074.7 |
  Orcish Mines |   2327 |   2249 |     78 |    932 |   1020 |   2 | 1163.5 |
               +--------+--------+--------+--------+--------+-----+--------+

Top non-repeatable levels by time:
  Lair:5: 2224 daAuts
     D:6: 1914 daAuts
  Lair:3: 1679 daAuts
    D:15: 1660 daAuts
Shoals:2: 1642 daAuts
    D:11: 1603 daAuts
    D:13: 1453 daAuts
  Lair:2: 1393 daAuts
   Orc:1: 1350 daAuts
     D:5: 1278 daAuts
     D:9: 1243 daAuts
  Lair:4: 1200 daAuts
     D:8: 1169 daAuts
  Lair:1: 1070 daAuts
    D:14: 1023 daAuts
